 Dungeon Crawl Stone Soup version 0.24.0-125-gc4c63601f3 (webtiles) character file.

Game seed: 8659430298402993774, levelgen mode: deterministic

78090 hazymike the Warrior (level 16, -20/146 HPs)
             Began as a Formicid Fighter on Feb 21, 2020.
             Was a High Priest of Ashenzari.
             Killed from afar by Jorgrun (37 damage)
             ... with an iron shot
             ... on level 14 of the Dungeon.
             The game lasted 03:37:52 (29925 turns).

hazymike the Warrior (Formicid Fighter)            Turns: 29925, Time: 03:37:52

Health: -20/146    AC: 23    Str: 24    XL:     16   Next: 7%
Magic:  20/20      EV:  4    Int: 16    God:    Ashenzari [*****.]
Gold:   2357       SH: 13    Dex: 10    Spells: 8/20 levels left

rFire    + . .     SeeInvis +   a - +1 hand axe (elec)
rCold    + . .     Gourm    .   c - +1 shield (curse)
rNeg     . . .     Faith    .   Z - +2 plate armour {rPois} (curse)
rPois    +         Spirit   .   (helmet unavailable)
rElec    .         Reflect  .   R - scarf {rC+ rF+} (curse)
rCorr    .         Harm     .   G - +2 pair of gloves (curse)
MR       ++...     Clarity  +   X - +0 pair of boots {Fly} (curse)
Stlth    ..........             (no amulet)
HPRegen  0.34/turn              e - ring of protection from magic
MPRegen  0.17/turn              l - ring of Pacaril {rPois Int+4 SInv}

@: grasped by roots, flying, constricted, lightly drained
A: permanent stasis, dig shafts and tunnels, four strong arms, antennae 3
a: Dig, Shaft Self, Curse Item, Scrying, Transfer Knowledge, Renounce Religion,
Stop Flying


You were on level 14 of the Dungeon.
You worshipped Ashenzari.
Ashenzari was extremely pleased with you.
You were not hungry.

You visited 4 branches of the dungeon, and saw 23 of its levels.
You also visited: Gauntlet.

You collected 4651 gold pieces.
You spent 2294 gold pieces at shops.

Inventory:

Hand Weapons
 a - a +1 hand axe of electrocution (weapon)
 b - a +3 morningstar of freezing
 B - a +2 war axe of chopping
Missiles
 g - 46 sling bullets
 x - 2 throwing nets
 C - 51 boomerangs
 F - 10 poisoned darts (quivered)
 U - 3 curare-tipped darts
 Y - 19 silver javelins
Armour
 c - a cursed +1 shield (worn)
 r - a +2 cloak
 G - a cursed +2 pair of gloves (worn)
 O - a +0 crystal plate armour
 R - a cursed scarf of resistance (worn)
 X - a cursed +0 pair of boots of flying (worn)
 Z - a cursed +2 plate armour of poison resistance (worn)
Magical Staves
 S - an uncursed staff of wizardry
Jewellery
 d - an uncursed ring of ice
 e - a ring of protection from magic (left hand)
 l - the ring of Pacaril (right hand) {rPois Int+4 SInv}
   (You found it on level 7 of the Dungeon)

   [ring of intelligence]

   It affects your intelligence (+4).
   It protects you from poison.
   It lets you see invisible.
 I - an uncursed ring of flight
 L - an uncursed ring of fire
 T - an uncursed ring of ice
Wands
 w - a wand of acid (3)
 E - a wand of random effects (26)
 H - a wand of disintegration (9)
 J - a wand of polymorph (18)
 V - a wand of paralysis (9)
Scrolls
 h - 5 scrolls of fog
 n - a scroll of amnesia
 o - 3 scrolls of remove curse
 v - 6 scrolls of enchant armour
 y - a scroll of enchant weapon
 z - 3 scrolls of fear
 A - 2 scrolls of immolation
 D - 10 scrolls of identify
 K - 4 scrolls of vulnerability
 N - 2 scrolls of holy word
 P - a scroll of summoning
Potions
 i - 5 potions of heal wounds
 j - a potion of ambrosia
 k - 12 potions of curing
 p - 3 potions of lignification
 q - 4 potions of agility
 s - a potion of flight
 t - a potion of magic
 u - 5 potions of brilliance
 M - 2 potions of haste {unknown}
 W - a potion of resistance
Miscellaneous
 m - a lamp of fire (inert)
Comestibles
 f - 42 rations


   Skills:
 + Level 19.3 Fighting
 - Level 16.0(15.9) Axes
 - Level 8.2(13.2) Armour
 - Level 8.9(11.4) Shields
 + Level 2.8 Spellcasting
 - Level 2.0(1.9) Hexes
 - Level 2.0 Charms
 + Level 2.6 Translocations


You had 8 spell levels left.
You knew the following spells:

 Your Spells              Type           Power        Failure   Level  Hunger
a - Passage of Golubria   Tloc           N/A          99%         4    #####..
b - Song of Slaying       Chrm           #.......     75%         2    ##.....
c - Spectral Weapon       Hex/Chrm       #.......     92%         3    ###....
d - Teleport Other        Tloc           ##......     86%         3    ###....

Your spell library contained the following spells:

 Spells                   Type           Power        Failure   Level  Hunger
 Infusion                 Chrm           #...         58%         1    #......
 Shroud of Golubria       Chrm/Tloc      #.....       69%         2    ##.....
 Gell's Gravitas          Tloc           ##........   86%         3    ###....
 Lesser Beckoning         Tloc           ##........   86%         3    ###....
 Regeneration             Chrm/Necr      #.........   98%         3    ###....
 Blink                    Tloc           Unusable     N/A         2    N/A

Dungeon Overview and Level Annotations

Branches:
Dungeon (14/15)            Temple (1/1) D:6            Lair (6/6) D:9
 Shoals (0/4) Lair:3       Spider (0/4) Lair:2        Slime (0/5) Lair:5
    Orc (2/2) D:10            Elf (0/3) Orc:2       Gauntlet (visited)
 Vaults: D:13-14

Altars:
Ashenzari
Cheibriados
Dithmenos
Elyvilon
Fedhas
Gozag
Hepliaklqana
Kikubaaqudgha
Makhleb
Nemelex Xobeh
Okawaru
Qazlal
Ru
Sif Muna
Trog
Uskayaw
Vehumet
Wu Jian
Xom
Yredelemnul
Zin
The Shining One
Beogh

Shops:
D:5 }   D:6 ?   Orc:1 *   Orc:2 ::?(

Annotations:
D:11 exclusion: oklob plant
D:14 1 runed translucent door, Jorgrun
Lair:5 exclusion: 4 oklob plants


Innate Abilities, Weirdness & Mutations

You cannot be hasted, slowed, berserked, paralysed or teleported.
You can dig through walls and to a lower floor.
Your four strong arms can wield two-handed weapons with a shield.
You have a pair of large antennae on your head. (SInv)


Message History

Jorgrun barely misses you. The grasping roots constrict you!
You hit Jorgrun but do no damage.
Jorgrun is severely wounded.
The centaur warrior shoots an arrow.
You block the arrow.
You closely miss Jorgrun.
Jorgrun is severely wounded.
You block Jorgrun's attack.
* * * LOW HITPOINT WARNING * * *
The grasping roots constrict you!
The centaur warrior shoots an arrow.
You block the arrow.
Evoke which item? (* to show all) (? for menu, Esc to quit)
Aiming: Corrosive Bolt
Press: ? - help, Shift-Dir - straight line, f - Jorgrun
Aim: Jorgrun, wielding a +0 quarterstaff of crushing and wearing a +0 robe (severely wounded)
The bolt of acid misses Jorgrun.
The centaur warrior shoots an arrow.
The arrow hits you!
* * * LOW HITPOINT WARNING * * *
Jorgrun points at you and mumbles some strange words.
The iron shot hits you!!!
You die...

* , ,*, * ,{* *,
* , ** * * , ,*
,, ,,,,{
######## ,, ,,
!..#..<...## *
.......รท(...##
**
###......(g..# *
,, #.......@).#
, * #........(.#
,, ..........c.#
* *
**#............#
###.........##
##........#*
..........*
,**** ....?.....
* , * .........
,,


You could see Jorgrun and a centaur warrior.

Vanquished Creatures
  Rupert (Lair:3)
  Nessos (Lair:6)
  A minotaur (Gauntlet)
  Fannar (D:10)
  5 hydras
  3 catoblepae (Lair:6)
  A centaur warrior (D:13)
  A death knight (D:7)
  2 ogre magi (Orc:2)
  5 two-headed ogres
  9 death yaks
  Sonja (Lair:5)
  Nergalle (Lair:4)
  2 wizards
  A lindwurm (Lair:5)
  A deep elf mage (D:7)
  4 ugly things
  8 orc sorcerers (Orc:2)
  3 cyclopes (D:13)
  9 elephants
  3 manticores
  3 black mambas
  Maurice (D:9)
  An apocalypse crab (Gauntlet)
  A centaur zombie (D:13)
  9 spiny frogs
  Psyche (D:10)
  3 gargoyles
  A demonic crawler (Lair:2)
  A torpor snail (Lair:4)
  3 rime drakes
  4 komodo dragons
  6 trolls
  2 polar bears
  14 slime creatures
  3 hornets
  Prince Ribbit (D:5)
  13 blink frogs (Lair:3)
  A hippogriff (shapeshifter) (D:14)
  5 hippogriffs
  2 shadows
  A ynoxinul (Gauntlet)
  70 yaks
  3 wyverns
  A human (D:9)
  4 hungry ghosts
  2 basilisks
  2 soldier ants
  5 wargs (Orc:1)
  12 water moccasins
  9 porcupines
  3 black bears
  3 phantoms
  4 sky beasts
  3 ice beasts
  19 orc warriors
  7 necrophages
  A hornet zombie (D:13)
  5 wolves
  18 centaurs
  15 ogres
  10 crocodiles
  11 bullfrogs
  Blork the orc (D:6)
  A wyvern skeleton (D:13)
  4 scorpions
  A water moccasin skeleton (D:4)
  9 killer bees
  7 wights (D:11)
  5 howler monkeys
  An electric eel (Lair:6)
  7 crimson imps
  2 bullfrog zombies
  3 jellies
  10 orc priests
  A bullfrog skeleton (D:12)
  9 hounds
  2 iron imps (Gauntlet)
  2 centaur skeletons
  5 iguanas
  45 orc wizards
  19 worker ants
  2 hound skeletons
  A howler monkey zombie (D:10)
  17 gnolls
  11 adders
  5 shadow imps
  A white imp (Gauntlet)
  2 adder zombies
  2 adder skeletons
  3 worms
  3 dart slugs
  11 leopard geckos
  92 orcs
  8 giant cockroaches
  7 goblins
  6 hobgoblins (D:3)
  15 jackals
  9 kobolds
  3 quokkas
  6 bats
  3 frilled lizards
  A giant cockroach zombie (D:5)
  A quokka skeleton (D:7)
  8 rats
  A butterfly (Lair:5)
  4 fungi
  4 plants
706 creatures vanquished.

Vanquished Creatures (others)
  An orc (D:11)
  4 fungi
  20 plants
25 creatures vanquished.

Grand Total: 731 creatures vanquished

Notes
Turn   | Place    | Note
-------+----------+-------------------------------------------
     0 | D:1      | hazymike the Formicid Fighter began the quest for the Orb.
     0 | D:1      | Reached XP level 1. HP: 18/18 MP: 1/1
   137 | D:1      | Reached XP level 2. HP: 23/24 MP: 2/2
   613 | D:1      | Reached XP level 3. HP: 29/29 MP: 3/3
  1130 | D:2      | Reached XP level 4. HP: 24/37 MP: 4/4
  1683 | D:2      | Found a shattered altar of Ashenzari.
  1688 | D:2      | Became a worshipper of Ashenzari the Shackled
  1889 | D:2      | Reached XP level 5. HP: 36/42 MP: 5/5
  2116 | D:3      | Reached skill level 4 in Fighting
  2554 | D:3      | Noticed an ogre
  2563 | D:3      | Killed an ogre
  2563 | D:3      | Reached XP level 6. HP: 49/49 MP: 6/6
  2801 | D:4      | Noticed an ogre
  2821 | D:4      | Killed an ogre
  2821 | D:4      | Reached skill level 5 in Shields
  2865 | D:4      | Reached XP level 7. HP: 24/55 MP: 7/7
  3138 | D:4      | Found an ornate altar of the Wu Jian Council.
  3233 | D:4      | Found a sparkling altar of Nemelex Xobeh.
  3382 | D:4      | Reached skill level 5 in Axes
  3387 | D:4      | Identified the cursed +1 ring mail of Day {rElec rC- Dex+8}
  3548 | D:4      | Reached skill level 5 in Armour
  3551 | D:4      | Reached skill level 5 in Fighting
  3793 | D:4      | Found a radiant altar of Vehumet.
  3890 | D:5      | Entered Level 5 of the Dungeon
  4017 | D:5      | Found Demag's Gadget Boutique.
  4039 | D:5      | Reached XP level 8. HP: 62/62 MP: 8/8
  4164 | D:5      | Reached * piety under Ashenzari
  4675 | D:5      | Noticed Prince Ribbit
  4778 | D:6      | Found a stormy altar of Qazlal.
  4922 | D:6      | Found Coxuzaom's Magic Scroll Emporium.
  4945 | D:6      | Bought a scroll of fog for 26 gold pieces
  4945 | D:6      | Bought a scroll of fear for 45 gold pieces
  4945 | D:6      | Bought a scroll of noise for 13 gold pieces
  5276 | D:6      | Found a staircase to the Ecumenical Temple.
  5302 | Temple   | Entered the Ecumenical Temple
  5550 | D:6      | Reached skill level 6 in Fighting
  5659 | D:6      | Reached XP level 9. HP: 63/69 MP: 9/9
  5992 | D:6      | Noticed Blork the orc
  6008 | D:6      | Killed Blork the orc
  6164 | D:7      | Noticed a hornet
  6245 | D:7      | Identified the ring of Pacaril {rPois Int+4 SInv}
  6305 | D:7      | Identified a scroll of acquirement
  6465 | D:7      | Killed a hornet
  6745 | D:7      | Noticed a slime creature
  6758 | D:7      | Noticed a death knight
  6811 | D:7      | Noticed a deep elf mage
  7045 | D:7      | Killed a deep elf mage
  7045 | D:7      | Reached skill level 7 in Fighting
  7045 | D:7      | Reached XP level 10. HP: 78/79 MP: 10/10
  7149 | D:8      | Found an iron altar of Okawaru.
  7182 | D:8      | Noticed a two-headed ogre
  7198 | D:8      | Found an ancient bone altar of Kikubaaqudgha.
  7214 | D:8      | Noticed a two-headed ogre
  7472 | D:7      | Killed a two-headed ogre
  8107 | D:8      | Killed a two-headed ogre
  8107 | D:8      | Reached skill level 8 in Fighting
  8690 | D:9      | Found a staircase to the Lair.
  8801 | D:9      | Noticed Maurice
  8917 | D:9      | Reached ** piety under Ashenzari
  8920 | D:9      | Reached skill level 10 in Axes
  9202 | D:9      | Reached XP level 11. HP: 73/87 MP: 11/11
  9717 | D:9      | Killed Maurice
  9772 | D:9      | Reached skill level 9 in Fighting
  9894 | D:10     | Entered Level 10 of the Dungeon
  9975 | D:10     | Found a staircase to the Orcish Mines.
 10175 | D:10     | Found a glowing golden altar of the Shining One.
 10207 | D:10     | Noticed a two-headed ogre
 10573 | D:10     | Noticed Fannar
 10591 | D:10     | Killed Fannar
 10786 | D:10     | Killed a two-headed ogre
 10890 | D:10     | Noticed Psyche
 10897 | D:10     | Killed Psyche
 11054 | D:10     | Reached skill level 10 in Fighting
 11644 | D:11     | Noticed a two-headed ogre
 11653 | D:11     | Killed a two-headed ogre
 11653 | D:11     | Reached XP level 12. HP: 94/98 MP: 12/12
 12548 | D:11     | Reached skill level 11 in Fighting
 12564 | D:11     | Found a glowing silver altar of Zin.
 13790 | D:12     | Noticed a two-headed ogre
 13816 | D:12     | Killed a two-headed ogre
 13946 | D:12     | Reached *** piety under Ashenzari
 14424 | D:12     | Noticed a six-headed hydra
 14640 | D:12     | Killed a six-headed hydra
 14640 | D:12     | Reached XP level 13. HP: 76/107 MP: 13/13
 14900 | Lair:1   | Entered Level 1 of the Lair of Beasts
 14946 | Lair:1   | Found a shimmering altar of Xom.
 14998 | Lair:1   | Reached skill level 12 in Fighting
 15559 | Lair:1   | Reached skill level 15 in Axes
 15653 | Lair:2   | Noticed a four-headed hydra
 15666 | Lair:2   | Killed a four-headed hydra
 15940 | Lair:2   | Found a hole to the Spider Nest.
 16477 | Lair:2   | Reached **** piety under Ashenzari
 17040 | Lair:3   | Identified the +3 leather armour of the Bulwark {-Cast
                  | Int+6}
 17438 | Lair:3   | Noticed a seven-headed hydra
 17454 | Lair:3   | Killed a seven-headed hydra
 17629 | Lair:3   | Reached skill level 13 in Fighting
 18259 | Lair:3   | Found a staircase to the Shoals.
 18455 | Lair:3   | Noticed Rupert
 18561 | Lair:3   | Reached XP level 14. HP: 119/119 MP: 14/14
 18789 | Lair:3   | Killed Rupert
 18789 | Lair:3   | Reached skill level 14 in Fighting
 19617 | Lair:4   | Reached skill level 15 in Fighting
 19760 | Lair:4   | Noticed Nergalle
 20108 | Lair:4   | Killed Nergalle
 20537 | Lair:5   | Noticed Sonja
 21179 | Lair:4   | Reached skill level 16 in Fighting
 21241 | Lair:5   | Killed Sonja
 21973 | Lair:6   | Entered Level 6 of the Lair of Beasts
 22172 | Lair:6   | Reached ***** piety under Ashenzari
 22249 | Lair:6   | Noticed Nessos
 22304 | Lair:6   | Killed Nessos
 22906 | Lair:6   | Reached skill level 17 in Fighting
 23004 | Lair:5   | Reached XP level 15. HP: 125/134 MP: 15/15
 24181 | Lair:6   | Reached skill level 18 in Fighting
 25055 | D:5      | Killed Prince Ribbit
 25355 | Orc:1    | Entered Level 1 of the Orcish Mines
 26171 | Orc:2    | Entered Level 2 of the Orcish Mines
 26582 | Orc:2    | Found a staircase to the Elven Halls.
 26766 | Orc:1    | Found Xauggakh's Assorted Antiques.
 27304 | Orc:2    | Found Heg Rafi's Magic Scroll Shop.
 27318 | Orc:2    | Bought a scroll of remove curse for 36 gold pieces
 27331 | Orc:2    | Found a radiant altar of Vehumet.
 27351 | Orc:2    | Reached skill level 19 in Fighting
 27614 | Orc:2    | Found an ancient bone altar of Kikubaaqudgha.
 27634 | Orc:2    | Found Guwiho Mab's Antique Weapon Boutique.
 27657 | Orc:2    | Found a roughly hewn altar of Beogh.
 27657 | Orc:2    | Found Xitigurir's Book Shop.
 27676 | Orc:2    | Found Geutruat's Book Boutique.
 27952 | Orc:2    | Bought a scroll of acquirement for 624 gold pieces
 27953 | Orc:2    | Found the cursed +7 Kryia's mail coat {PotionHeal*2 rC+}
 27991 | Orc:2    | Bought a book of Spatial Translocations for 910 gold pieces
 28000 | Orc:2    | Bought a book of Battle for 640 gold pieces
 28005 | Orc:2    | Learned a level 4 spell: Passage of Golubria
 28008 | Orc:2    | Learned a level 2 spell: Song of Slaying
 28012 | Orc:2    | Learned a level 3 spell: Spectral Weapon
 28016 | Orc:2    | Learned a level 3 spell: Teleport Other
 28203 | D:13     | Reached skill level 1 in Hexes
 28239 | D:13     | Reached skill level 1 in Charms
 28239 | D:13     | Reached skill level 1 in Translocations
 28553 | D:13     | Reached skill level 1 in Spellcasting
 29316 | D:14     | Found a runed translucent door.
 29350 | D:14     | Found a gate leading to a gauntlet.
 29360 | D:14     | Noticed Jorgrun
 29370 | Gauntlet | Entered a Gauntlet
 29370 | Gauntlet | Found a transporter.
 29370 | Gauntlet | Found a transporter.
 29377 | Gauntlet | Found a runed translucent door.
 29388 | Gauntlet | Found a transporter.
 29392 | Gauntlet | Found a transporter.
 29400 | Gauntlet | Found a transporter.
 29404 | Gauntlet | Found a transporter.
 29415 | Gauntlet | Found a transporter.
 29428 | Gauntlet | Found a transporter.
 29442 | Gauntlet | Found a transporter.
 29446 | Gauntlet | Found a transporter.
 29454 | Gauntlet | Found a transporter.
 29458 | Gauntlet | Found a transporter.
 29540 | Gauntlet | Reached XP level 16. HP: 117/146 MP: 19/19
 29673 | Gauntlet | Identified the +7 broad axe of Traps {flame, *Slow rPois
                  | rF++ rN+}
 29673 | Gauntlet | Identified the +8 hunting sling of the Wasteland {venom,
                  | *Drain rN+ Str+10 Dex-2}
 29925 | D:14     | Killed from afar by Jorgrun

Levels and vault maps discovered:
D:1:      dpeg_arrival_houses_and_road, layout_basic, minmay_pentomino_u4
D:2:      layout_loops_ring, lemuel_crystal_altar
D:3:      layout_rooms, minmay_checkerbox
D:4:      minmay_wonky_spiral, layout_basic, marbit_many_paths,
          old_standard_altar, kennysheep_mini_moat
D:5:      minmay_evil_eye, layout_basic, serial_shops, shop, first_ration,
          uniq_prince_ribbit1
D:6:      layout_gridville, minmay_temple_entry_ruins, serial_shops, shop,
          basic_altar, minmay_misc_feat_tiny, uniq_blork_the_orc
D:7:      minmay_chambers_of_sixes, layout_rooms, guppyfry_early_elven_hall
D:8:      layout_loops_ring, chequers_temple_overflow_statue_of_worship
D:9:      layout_rooms, lair_entry_dummy, grunt_pizzeria, uniq_maurice
D:10:     layout_basic, orc_0_dummy, nicolae_tso_carved_into_rock, uniq_psyche,
          uniq_fannar
D:11:     layout_roguey, lemuel_oklob_altar
D:12:     layout_cave_pools
D:13:     layout_cave_pools
D:14:     layout_rooms, david_vaults_1, minmay_misc_feat_rows, enter_bailey_7,
          nicolae_trove_entry_diagonal, gauntlet_entry_generic, drop_trap,
          minmay_st_funbox, uniq_jorgrun
Temple:   eino_temple_rhombus
Lair:1:   layout_misc_corridors, basic_altar, minivault_25
Lair:2:   layout_gridlike, nicolae_spider_entry_non_spiders, lemuel_fruit_tree
Lair:3:   layout_cave_pods, minmay_shoals_entry_centaurs, roderic_carrion_pond,
          grunt_megastairs_4, infiniplex_staircase_pool_2, uniq_rupert
Lair:4:   layout_long_grid, lemuel_fruit_fields, grunt_megastairs_1,
          uniq_nergalle
Lair:5:   layout_big_grid, minmay_slime_entry_oklob_open, serial_rivers,
          chequers_serial_rivers_micro_b, chequers_serial_rivers_micro_b,
          chequers_serial_rivers_large_b, chequers_serial_rivers_large_a,
          chequers_serial_rivers_room_b, beast_lair_carwin_7,
          lemuel_fruit_fields, uniq_sonja
Lair:6:   evilmike_catoblepas_cave, layout_hall_layers, minivault_24,
          serial_bayou_shore_a, uniq_nessos
Orc:1:    layout_caves, serial_shops, shop, nooodl_orcs_dogs
Orc:2:    kennysheep_orc_mage_school, layout_diamond_mine

Skill      XL: |  1  2  3  4  5  6  7  8  9 10 11 12 13 14 15 |
---------------+----------------------------------------------+-----
Shields        | 4 5 6 7 8 |  8.9
Axes           | 3 4 5 6 8 10 12 14 16 | 16.0
Armour         | 4 5 6 7 8 |  8.2
Fighting       | 4 5 6 7 8 10 11 13 17 19 | 19.3
Hexes          | 2 |  2.0
Charms         | 2 |  2.0
Translocations | 2 |  2.6
Spellcasting   | 2 |  2.8

Action                   |  1- 3 |  4- 6 |  7- 9 | 10-12 | 13-15 | 16-18 || total
-------------------------+-------+-------+-------+-------+-------+-------++-------
Melee: War axe           |   102 |   140 |    48 |     8 |       |       ||   298
       Hand axe          |       |       |   285 |   701 |  1532 |    27 ||  2545
       Morningstar       |       |       |       |    10 |    28 |       ||    38
 Fire: Hunting sling     |       |       |    72 |   123 |    28 |       ||   223
Throw: Stone             |    16 |    10 |    18 |     1 |       |       ||    45
       Boomerang         |       |    26 |       |    13 |    21 |       ||    60
       Dart              |       |    22 |    24 |    83 |   285 |       ||   414
       Throwing net      |       |       |       |       |     1 |       ||     1
Invok: Curse Item        |       |       |     2 |       |     2 |     2 ||     6
       Scrying           |       |       |     2 |       |       |       ||     2
Evoke: Wand              |       |       |       |    23 |    13 |     4 ||    40
       Lamp of fire      |       |       |       |       |       |     1 ||     1
  Use: Scroll            |       |    11 |     7 |       |    11 |     1 ||    30
       Potion            |       |       |       |     1 |       |       ||     1
  Eat: Chunk             |     1 |     6 |    13 |    27 |    48 |       ||    95
       Ration            |       |       |       |     1 |       |     1 ||     2
Armor: Scale mail        |    47 |     5 |       |       |       |       ||    52
       Plate armour      |       |    48 |    94 |   171 |   386 |    15 ||   714
Dodge: Dodged            |    26 |    34 |    35 |    96 |   188 |     6 ||   385
Block: Shield            |    48 |    69 |   153 |   313 |   635 |    22 ||  1240
